 Dungeon Sprint DCSS version 0.23.0 (webtiles) character file.

Game seed: 14240718485347134536

28 Groucho the Covert (level 3, -9/16 HPs)
             Began as a Spriggan Enchanter on Feb 11, 2019.
             Mangled by a water elemental (18 damage)
             ... in the Dungeon (Sprint III: "The Ten Rune Challenge").
             The game lasted 00:02:24 (438 turns).

Groucho the Covert (Spriggan Enchanter)              Turns: 438, Time: 00:02:25

Health: -9/16      AC:  2    Str:  4    XL:     3   Next: 0%
Magic:  9/9        EV: 18    Int: 16    God:
Gold:   31         SH:  0    Dex: 17    Spells: 4/10 levels left

rFire    . . .     SeeInvis +   a - +1 dagger
rCold    . . .     Gourm    .   (shield restricted)
rNeg     . . .     Faith    .   b - +0 robe
rPois    .         Spirit   .   (helmet restricted)
rElec    .         Reflect  .   (no cloak)
rCorr    .         Harm     .   (gloves unavailable)
MR       .....     NoTele   +   (boots unavailable)
Stlth    ++++......             (no amulet)
HPRegen  0.05/turn              (no ring)
MPRegen  0.11/turn              (no ring)

@: very quick
A: very small, unfitting armour, see invisible, herbivore, speed 3, slow
metabolism 2
a: no special abilities


You were in the Dungeon.
You were not hungry.

You visited 1 branch You collected 31 gold pieces.

Inventory:

Hand Weapons
 a - a +1 dagger (weapon)
Armour
 b - a +0 robe (worn)
Scrolls
 c - 2 scrolls of remove curse {unknown}
 f - a scroll of holy word {unknown}
 g - 2 scrolls of immolation {unknown}
 j - 2 scrolls of blinking
 l - a scroll of identify
Potions
 e - 3 potions of mutation {unknown}
 h - 2 potions of magic
 i - a potion of brilliance
 k - a potion of flight {unknown}
 m - a potion of resistance {unknown}
Comestibles
 d - 3 rations


   Skills:
 - Level 1.1 Short Blades
 - Level 3.0 Dodging
 * Level 8.0 Stealth
 + Level 4.4 Spellcasting
 + Level 5.1 Hexes


You had 4 spell levels left.
You knew the following spells:

 Your Spells              Type           Power        Failure   Level  Hunger
a - Corona                Hex            ###....      1%          1    None
b - Ensorcelled Hibernat  Hex/Ice        ##....       9%          2    ##.....
c - Confuse               Hex            ###.....     6%          3    ###....

Your spell library contained the following spells:

 Spells                   Type           Power        Failure   Level  Hunger
 Tukima's Dance           Hex            ###.....     6%          3    ###....
 Dazzling Spray           Conj/Hex       ##....       17%         3    ###....


Dungeon Overview and Level Annotations

Branches:
Dungeon (1/1)

Altars:


Innate Abilities, Weirdness & Mutations

You are very small and have problems with some larger weapons.
You are too small for most types of armour.
You have supernaturally acute eyesight. (SInv)
You are a herbivore.
You cover ground extremely quickly.
You need to consume almost no food.


Message History

Unknown command.
You open the door.
A water elemental comes into view.
There is an open door to the Ecumenical Temple here.
Casting: Corona (safe; 1% risk of failure)
Confirm with . or Enter, or press ? or * to list all spells.
You can't see any susceptible monsters within range! (Use Z to cast anyway.) Unknown command.
You hit the water elemental.
The water elemental is lightly damaged.
The water elemental closely misses you.
You hit the water elemental but do no damage.
The water elemental is lightly damaged.
The water elemental hits you!
There are no items here.
You hit the water elemental.
The water elemental is lightly damaged.
The water elemental hits you!!
Ouch! That really hurt!
You die...

▓...#......#####..#
▓..##.......#..#..#
▓##.##.##...#..#..###+#+##
##.##.###..##'#..#.......
▓#.####.##..###...'.⌠.....
▓.###..##..####...#...####
▓#.†...##..###....#.⌠.#
###..##†..##..E..#...#
##..##....#..@...#+###
#..###..##.#.....# #..#
#..#####....# ▓▓▓▓ ▓▓▓▓
▓▓▓▓▓▓


You could see a water elemental.

Vanquished Creatures
  A human (D)
  An ooze (D)
  A phantom (D)
  3 rats (D)
6 creatures vanquished.

Vanquished Creatures (others)
  2 draconian scorchers (D)
  6 hellions (D)
  A yaktaur (D)
9 creatures vanquished.

Grand Total: 15 creatures vanquished

Notes
Turn   | Place    | Note
-------+----------+-------------------------------------------
     0 | D        | Groucho the Spriggan Enchanter began the quest for the Orb.
     0 | D        | Reached XP level 1. HP: 9/9 MP: 5/5
    18 | D        | Reached skill level 5 in Stealth
   130 | D        | Killed a hellion
   131 | D        | Killed a hellion
   146 | D        | Reached skill level 6 in Stealth
   156 | D        | Killed a yaktaur
   164 | D        | Killed a hellion
   166 | D        | Killed a hellion
   170 | D        | Killed a hellion
   182 | D        | Killed a hellion
   188 | D        | Reached skill level 7 in Stealth
   188 | D        | Reached skill level 5 in Hexes
   188 | D        | Reached XP level 2. HP: 13/13 MP: 8/8
   188 | D        | Killed a white draconian scorcher
   192 | D        | Killed a white draconian scorcher
   222 | D        | Learned a level 2 spell: Ensorcelled Hibernation
   245 | D        | Reached skill level 8 in Stealth
   245 | D        | Reached XP level 3. HP: 12/16 MP: 9/9
   428 | D        | Learned a level 3 spell: Confuse
   428 | D        | Noticed a water elemental
   438 | D        | Mangled by a water elemental

Skill      XL: |  1  2 |
---------------+-------+-----
Stealth        | 7 8 |  8.0
Spellcasting   | 4 |  4.4
Hexes          | 5 |  5.1
Short Blades   | |  1.1
Dodging        | |  3.0

Action                   || total
-------------------------++-------
Melee: Dagger            ||    43
 Cast: Corona            ||     1
  Use: Potion            ||     4
       Scroll            ||     1
 Stab: Sleeping          ||     1
Dodge: Dodged            ||    25
